 Dungeon Crawl Stone Soup version 0.31.0-4-g52a2dc7128 (console) character file.

Game seed: 2777558408117329119

769 Colgate the Fighter (level 7, -2/69 HPs)
             Began as a Minotaur Ice Elementalist on Jan 21, 2024.
             Was an Initiate of Nemelex Xobeh.
             Killed from afar by a white imp (9 damage)
             ... with a puff of frost
             ... summoned by a kobold demonologist
             ... on level 5 of the Dungeon.
             The game lasted 00:39:21 (4086 turns).

Colgate the Fighter (Minotaur Ice Elementalist)     Turns: 4086, Time: 00:39:21

Health: -2/69      AC: 14    Str: 14    XL:     7   Next: 52%
Magic:  8/8        EV:  7    Int: 18    God:    Nemelex Xobeh [......]
Gold:   238        SH:  0    Dex: 11    Spells: 7/8 levels left

rFire   . . .        a - +1 whip (venom)
rCold   . . .        (no shield)
rNeg    . . .        t - +0 chain mail
rPois   .            (helmet restricted)
rElec   .            (no cloak)
rCorr   .            g - +0 pair of gloves
SInv    +            i - +2 pair of boots {Fly}
Will    .....        (no amulet)
Stlth   x              - +6 ring of intelligence
HPRegen 0.31/turn    j - ring of see invisible
MPRegen 0.11/turn

%: no passive effects
@: flying
A: horns 2, retaliatory headbutt
a: Renounce Religion, Draw Escape, Draw Destruction, Draw Summoning


You were on level 5 of the Dungeon.
You worshipped Nemelex Xobeh.
Nemelex Xobeh was noncommittal.
You visited 1 branch of the dungeon, and saw 5 of its levels.

You collected 238 gold pieces.

Inventory:

Hand Weapons
 a - a +1 whip of venom (weapon)
 b - a +0 quarterstaff
 q - a +0 trident
 u - a +0 rapier
Armour
 g - a +0 pair of gloves (worn)
 i - a +2 pair of boots of flying (worn)
 t - a +0 chain mail (worn)
Jewellery
 j - a ring of see invisible (right hand)
 m - a ring of flight
 x - a +6 ring of intelligence (left hand)
Wands
 s - a wand of roots (3) {@v2}
Scrolls
 e - 2 scrolls of revelation
 h - a scroll of fear
 n - 2 scrolls of teleportation {@r3}
 p - a scroll of enchant armour
 v - a scroll of poison {unknown}
Potions
 c - a potion of magic
 d - a potion of berserk rage {unknown}
 f - a potion of brilliance {unknown}
 k - 5 potions of curing {unknown}
 l - 4 potions of lignification {unknown}
 o - 3 potions of attraction {unknown}
 r - a potion of haste {unknown}
 w - a potion of degeneration {unknown}


   Skills:
 - Level 8.6 Fighting
 + Level 1.2 Maces & Flails
 - Level 4.5 Armour
 - Level 2.1 Dodging
 - Level 1.5 Stealth
 - Level 1.3 Spellcasting
 - Level 2.9 Ice Magic


You had 7 spell levels left.
You knew the following spells:

 Your Spells              Type           Power      Damage    Failure   Level
a - Freeze                Ice            44%        1d6       63%         1

Your spell library contained the following spells:

 Spells                   Type           Power      Damage    Failure   Level
 Frozen Ramparts          Ice            22%        1d4       94%         3
 Ozocubu's Armour         Ice            11%        N/A       94%         3
 Slow                     Hex            4%         N/A       95%         1
 Sublimation of Blood     Necr           1%         N/A       99%         2
 Summon Ice Beast         Ice/Summ       6%         N/A       99%         3
 Confusing Touch          Hex            1%         N/A       100%        3
 Sigil of Binding         Hex            1%         N/A       100%        3
 Vampiric Draining        Necr           1%         2d6       100%        3
 Petrify                  Alch/Erth      1%         N/A       100%        4
 Irradiate                Conj/Alch      0%         3d11      100%        5


Dungeon Overview and Level Annotations

Branches:
Dungeon (5/15)
 Temple: D:4-7

Altars:
Elyvilon
Hepliaklqana
Kikubaaqudgha
Nemelex Xobeh
Ru
Xom
Yredelemnul

Shops:
D:1 *


Innate Abilities, Weirdness & Mutations

You have a pair of horns on your head.
You reflexively headbutt those who attack you in melee.


Message History

The kobold demonologist is poisoned.
You headbutt the kobold demonologist.
You hear a shout!
The kobold demonologist hits you with a +0 dagger.
The quasit bites you but does no damage.
The quasit claws you but does no damage. x2
The white imp hits you but does no damage.
The ice devil hits you! The ice devil freezes you!!
You barely miss the kobold demonologist.
You headbutt the kobold demonologist!
The quasit bites you but does no damage.
The quasit claws you but does no damage.
The quasit barely misses you.
A kobold comes into view. It is wielding a +0 dagger.
The ice devil hits you! The ice devil freezes you!!
* * * LOW HITPOINT WARNING * * *
The crimson imp grins evilly.
The white imp gestures at you.
The puff of frost hits you but does no damage.
The quasit bites you but does no damage.
The quasit closely misses you.
The quasit claws you but does no damage.
The kobold demonologist hits you but does no damage.
A kobold comes into view. It is wielding a +0 short sword.
You hit the kobold demonologist. The quasit barely misses you.
You furiously retaliate!
You headbutt the quasit.
The quasit claws you but does no damage.
The quasit closely misses you. The ice devil barely misses you.
You furiously retaliate!
You headbutt the ice devil! The crimson imp hits you.
* * * LOW HITPOINT WARNING * * *
The white imp hits you but does no damage.
You miss the kobold demonologist.
Your headbutt misses the kobold demonologist.
The quasit closely misses you.
The quasit claws you but does no damage. x2
The ice devil hits you but does no damage.
The crimson imp barely misses you. The white imp gestures at you.
The puff of frost hits you!
You die...
Your body disappears without a glow.

..............#
##.......<.#..#
#.=...>.†.#..#
#.........##...
######..###
#..# ##....#
##..
##†....#.<.
##5.†.......
###@5..........
#KK45...#######
#K#.....#
#.K#.....# #K
#.....# .K
......# #.
.........
#.......)####
........#


You could see an ice devil (summoned), a kobold demonologist (poisoned), a
kobold brigand, a quasit (summoned), a crimson imp (summoned), a white imp
(summoned) and 4 kobolds.

Vanquished Creatures
  A hornet (D:5)
  A phantom (D:4)
  2 scorpions
  A howler monkey (D:4)
  2 jellies (D:4)
  A quasit (D:4)
  A hound (D:5)
  Ijyb (D:3)
  A gnoll (D:2)
  4 adders
  A shadow imp (D:4)
  A white imp (D:4)
  5 dart slugs
  3 ribbon worms
  6 orcs
  16 endoplasms
  2 giant cockroaches
  5 goblins
  5 hobgoblins
  11 jackals
  5 quokkas
  9 ball pythons
  9 bats
  4 frilled lizards
  17 kobolds
  4 rats
118 creatures vanquished.

Vanquished Creatures (others)
  A giant cockroach (D:4)
1 creature vanquished.

Grand Total: 119 creatures vanquished

Notes
Turn   | Place    | Note
-------+----------+-------------------------------------------
     0 | D:1      | Colgate the Minotaur Ice Elementalist began the quest for
                  | the Orb.
     0 | D:1      | Reached XP level 1. HP: 14/14 MP: 1/1
    54 | D:1      | Reached skill level 1 in Fighting
   105 | D:1      | Reached skill level 2 in Fighting
   107 | D:1      | Reached XP level 2. HP: 24/24 MP: 0/3
   289 | D:1      | Reached skill level 3 in Fighting
   319 | D:1      | Reached XP level 3. HP: 24/31 MP: 4/4
   407 | D:1      | Found Iptopu's General Store.
   783 | D:2      | Reached skill level 4 in Fighting
  1024 | D:2      | Reached XP level 4. HP: 41/41 MP: 5/5
  1222 | D:2      | Noticed a scorpion
  1324 | D:2      | Killed a scorpion
  1325 | D:2      | Reached skill level 5 in Fighting
  1325 | D:2      | Reached XP level 5. HP: 50/50 MP: 6/6
  1419 | D:2      | Found a faded altar of an unknown god.
  2093 | D:3      | Reached skill level 6 in Fighting
  2148 | D:3      | Found a basalt altar of Yredelemnul.
  2554 | D:3      | Noticed Ijyb
  2565 | D:3      | Killed Ijyb
  3110 | D:4      | Reached skill level 1 in Armour
  3132 | D:4      | Noticed a phantom
  3146 | D:4      | Killed a phantom
  3147 | D:4      | Reached XP level 6. HP: 57/58 MP: 7/7
  3294 | D:4      | Reached skill level 7 in Fighting
  3856 | D:4      | Reached XP level 7. HP: 65/66 MP: 8/8
  3896 | D:4      | Found a shimmering altar of Xom.
  3896 | D:4      | Found a sparkling altar of Nemelex Xobeh.
  3896 | D:4      | Found a white marble altar of Elyvilon.
  3896 | D:4      | Found a sacrificial altar of Ru.
  3896 | D:4      | Found an ancient bone altar of Kikubaaqudgha.
  3896 | D:4      | Found a hazy altar of Hepliaklqana.
  3917 | D:4      | Became a worshipper of Nemelex Xobeh the Trickster
  3969 | D:5      | Entered Level 5 of the Dungeon
  4004 | D:5      | Noticed a hornet
  4016 | D:5      | Killed a hornet
  4017 | D:5      | Reached skill level 8 in Fighting
  4056 | D:5      | Reached skill level 1 in Maces & Flails
  4078 | D:5      | Noticed a kobold demonologist
  4081 | D:5      | Noticed an ice devil
  4086 | D:5      | Killed from afar by a white imp

Illustrated notes

Levels and vault maps discovered:
D:1:      lightli_arrival_maybe_door_vault, layout_rooms, serial_shops,
          nicolae_square_shop
D:2:      minmay_spotlight, layout_loops_corners,
          nicolae_ecumenical_snake_handling, minmay_puff
D:3:      layout_basic, yredelemnul_altar_generic, uniq_ijyb
D:4:      cheibrodos_fertilizer, layout_cave_pools, serial_demonic,
          serial_demonic_e, serial_demonic_c, serial_demonic_g, serial_demonic_f
D:5:      layout_rooms, minmay_temple_entry_from_below_a, st_stairs_1,
          nicolae_concentric_dashed_squares_wild

Skill      XL: |  1  2  3  4  5  6  7 |
---------------+----------------------+-----
Fighting       | 2 3 4 5 6 7 8 |  8.6
Armour         | 3 4 |  4.5
Maces & Flails | 1 |  1.2
Dodging        | |  2.1
Stealth        | |  1.5
Spellcasting   | |  1.3
Ice Magic      | |  2.9

Action                     |  1- 3 |  4- 6 |  7- 9 || total
---------------------------+-------+-------+-------++-------
  Melee: Rapier            |    18 |     3 |       ||    21
         Headbutt          |     8 |    29 |     7 ||    44
         Whip              |    49 |   151 |    18 ||   218
         Punch             |       |     4 |       ||     4
         Quarterstaff      |       |    26 |     7 ||    33
   Cast: Freeze            |    13 |       |       ||    13
    Use: Scroll            |       |     4 |       ||     4
   Stab: Sleeping          |     1 |       |       ||     1
 Armour: Robe              |    35 |       |       ||    35
         Leather armour    |     9 |    18 |       ||    27
         Scale mail        |       |    47 |       ||    47
         Chain mail        |       |    99 |    37 ||   136
  Dodge: Dodged            |    52 |    85 |    16 ||   153
